 Dungeon Crawl Stone Soup version 0.17.1-2-g5865329 (webtiles) character file.

113 NobbyNobbs the Shield-Bearer (level 4, 0/29 HPs)
             Began as a Gargoyle Fighter on Feb 1, 2016.
             Slain by a gnoll
             ... wielding a +0 flail
              (8 damage)
             ... on level 2 of the Dungeon.
             The game lasted 00:03:08 (1634 turns).

NobbyNobbs the Shield-Bearer (Gargoyle Fighter)     Turns: 1634, Time: 00:03:08

Health: 0/29       AC: 10    Str: 21    XL:     4   Next: 96%
Magic:  4/4        EV:  3    Int:  8    God:
Gold:   114        SH:  9    Dex:  9    Spells: 0 memorised, 3 levels left

rFire  . . .     SeeInvis .     a - +0 flail
rCold  . . .     Clarity  .     b - +0 scale mail
rNeg   + . .     SustAt   .     c - +0 shield
rPois  ∞         Gourm    .     (no helmet)
rElec  +         Spirit   .     (no cloak)
rCorr  .         Warding  .     (no gloves)
rMut   .         Stasis   .     (no boots)
MR     .....                    (no amulet)
Stlth  ..........               (no ring)
                                (no ring)

@: not resistant to hostile enchantments, extremely unstealthy
A: negative energy resistance 1, electricity resistance, unbreathing,
petrification resistance, rot immunity, AC +3
a: no special abilities


You were on level 2 of the Dungeon.
You were hungry.

You visited 1 branch of the dungeon, and saw 4 of its levels.

You collected 114 gold pieces.

Inventory:

Hand Weapons
 a - a +0 flail (weapon)
Armour
 b - a +0 scale mail (worn)
 c - a +0 shield (worn)
Jewellery
 l - an uncursed ring of see invisible {unknown}
 m - an uncursed ring of ice {unknown}
Scrolls
 h - 2 scrolls of remove curse {unknown}
 j - 3 scrolls of identify {unknown}
 p - a scroll of magic mapping {unknown}
Potions
 d - a potion of might
 f - a potion of heal wounds {unknown}
 g - a potion of degeneration {unknown}
 i - a potion of flight {unknown}
 k - a potion of curing {unknown}
 n - 2 potions of haste {unknown}
 r - a potion of poison {unknown}
Comestibles
 e - 3 bread rations
 o - a meat ration


   Skills:
 * Level 4.1 Fighting
 + Level 2.3 Maces & Flails
 * Level 4.1 Armour
 + Level 1.2 Dodging
 + Level 0.2 Stealth
 + Level 4.1 Shields


You had 3 spell levels left.
You didn't know any spells.

Dungeon Overview and Level Annotations

Branches:
Dungeon (4/15)
 Temple: D:4-7

Altars:
The Shining One


Innate Abilities, Weirdness & Mutations

You are resistant to torment.
Your stone body is resilient (AC +3).
You are immune to poison.
You resist negative energy.
You are resistant to electric shocks.
You can survive without breathing.
You are immune to petrification.
You are immune to rotting.


Message History

You block the gnoll's attack. The gnoll hits you but does no damage.
You block the gnoll's attack. The gnoll barely misses you.
You block the gnoll's attack.
You see here a throwing net.
The gnoll barely misses you.
You hit the gnoll but do no damage. The gnoll hits you with a flail.
You hit the gnoll but do no damage. The gnoll hits you with a flail.
* * * LOW HITPOINT WARNING * * *
You hit the gnoll.
The gnoll is moderately wounded.
The gnoll hits you with a flail.
* * * LOW HITPOINT WARNING * * *
You see here a rat corpse.
You see here a long sword.
Something unseen opens the door.
You block the gnoll's attack.
There is an open door here.
There is a stone staircase leading up here.
The gnoll hits you with a flail!
You die...

#...# #......#'### # #...#
#....###..# # # #...# #.... ##.#
#
###########...##############.####
##..............†................
##.#################........#.###
##.##.......##.....'........+..#
##.##.......##.#####........#..#
##.##.......##.#@g.g....#####..##
##.##.......##.########g##.......
...##.......##.# #.##.......
...''.......##.# #g##.......
...##.......##.# #.##.......
...##.......##.########.######+##
...##.......##.......##'######.#
...######'#########..........#.#
...# #.# #..........+.#


You could see 3 gnolls.

Vanquished Creatures
  A worker ant (D:4)
  A gnoll (D:2)
  2 adders (D:2)
  4 worms
  A giant gecko (D:2)
  A ball python (D:3)
  3 giant cockroaches
  8 hobgoblins
  A quokka (D:3)
  6 bats
  3 giant newts
  4 goblins
  9 kobolds
  10 rats
54 creatures vanquished.

Notes
Turn   | Place    | Note
--------------------------------------------------------------
     0 | D:1      | NobbyNobbs the Gargoyle Fighter began the quest for the Orb.
     0 | D:1      | Reached XP level 1. HP: 14/14 MP: 1/1
   209 | D:1      | Reached XP level 2. HP: 17/19 MP: 2/2
   966 | D:2      | Reached XP level 3. HP: 21/23 MP: 3/3
  1043 | D:2      | You fall through a shaft for 2 floors!
  1081 | D:4      | Reached skill level 4 in Shields
  1099 | D:3      | Reached XP level 4. HP: 25/29 MP: 4/4
  1116 | D:3      | Found a glowing golden altar of the Shining One.
  1308 | D:3      | Reached skill level 1 in Dodging
  1634 | D:2      | Slain by a gnoll

Action                   |  1- 3 |  4- 6 || total
-------------------------+-------+-------++-------
Melee: Flail             |   137 |    79 ||   216
  Eat: Chunk             |     1 |     1 ||     2
